 Dungeon Sprint DCSS version 0.27.1-33-g824d729ab1 (webtiles) character file.

Game seed: 9263662226294426722

716 Hipnos the Unseen (level 7, 0/52 HPs)
             Began as a Spriggan Berserker on Nov 26, 2021.
             Was a Priest of Trog.
             Slain by an orange demon (8 damage)
             ... summoned by a kobold demonologist
             ... in the Dungeon (Sprint I: "Red Sonja").
             The game lasted 00:02:40 (554 turns).

Hipnos the Unseen (Spriggan Berserker)               Turns: 554, Time: 00:02:40

Health: 0/52       AC:  4    Str: 13    XL:     7   Next: 41%
Magic:  8/8        EV: 18    Int:  9    God:    Trog [***...]
Gold:   405        SH:  0    Dex: 16    Spells: 6/6 levels left

rFire    . . .     SeeInvis +   a - +0 short sword
rCold    . . .     Faith    .   (shield restricted)
rNeg     . . .     Spirit   .   i - +2 robe
rPois    .         Reflect  .   (helmet restricted)
rElec    .         Harm     .   (no cloak)
rCorr    .         Rampage  .   (gloves unavailable)
Will     +....     NoTele   +   (boots unavailable)
Stlth    ..........             (no amulet)
HPRegen  0.17/turn              (no ring)
MPRegen  0.11/turn              (no ring)

@: berserking (expiring), lethally poisoned (0 -> -12), very quick
A: very small, no large weapons, unfitting armour, see invisible, speed 3
a: Renounce Religion, Berserk, Trog's Hand


You were in the Dungeon.
You worshipped Trog.
Trog was most pleased with you.
You visited 1 branch You collected 405 gold pieces.

Inventory:

Hand Weapons
 a - a +0 short sword (weapon)
Armour
 b - a +0 animal skin
 i - a +2 robe (worn)
Wands
 j - a wand of flame (22)
Scrolls
 h - a scroll of blinking
Potions
 c - a potion of curing
 d - a potion of heal wounds
 e - a potion of haste
 f - 2 potions of magic
 g - a potion of berserk rage


   Skills:
 - Level 2.4 Fighting
 - Level 3.2(3.3) Short Blades
 + Level 0.4(1.5) Long Blades
 + Level 0.3(0.6) Axes
 + Level 0.2(0.5) Maces & Flails
 + Level 0.4(0.6) Polearms
 + Level 0.2(0.5) Staves
 + Level 0.7(5.8) Slings
 + Level 0.4 Bows
 + Level 0.4 Crossbows
 * Level 7.7 Throwing
 - Level 4.0 Dodging
 * Level 19.4 Stealth
 + Level 0.2 Shields
 + Level 0.4 Invocations
 + Level 0.5 Evocations


You had 6 spell levels left.
You didn't know any spells.
Your spell library was empty.

Dungeon Overview and Level Annotations

Branches:
Dungeon (1/1)

Altars:
Cheibriados
Dithmenos
Elyvilon
Fedhas
Gozag
Hepliaklqana
Kikubaaqudgha
Makhleb
Nemelex Xobeh
Okawaru
Qazlal
Ru
Sif Muna
Trog
Uskayaw
Vehumet
Wu Jian
Xom
Yredelemnul
Zin
The Shining One
Jiyva
Lugonu

Shops:
D (


Innate Abilities, Weirdness & Mutations

You are very small and have problems with some larger weapons.
You are too small for most types of armour.
You have supernaturally acute eyesight. (SInv)
You cover ground extremely quickly. (Speed+++)


Message History

You barely miss the kobold demonologist.
The orange demon stings you from afar!
You are lethally poisoned!
The orange demon poisons you! The crimson imp closely misses you.
The kobold demonologist casts a spell.
You hit the kobold demonologist.
The kobold demonologist is lightly wounded.
You feel very sick. The orange demon misses you.
You hit the kobold demonologist but do no damage.
The kobold demonologist is lightly wounded.
You feel very sick. The ufetubus closely misses you. The ufetubus hits you.
The quasit bites you but does no damage.
The quasit misses you. x2; The crimson imp misses you.
The kobold demonologist completely misses you.
Okay, then.
You puncture the kobold demonologist!
The kobold demonologist is moderately wounded.
* * * LOW HITPOINT WARNING * * *
You feel very sick. The ufetubus barely misses you.
The ufetubus hits you but does no damage.
The orange demon stings you but does no damage.
The quasit closely misses you. The quasit misses you.
The quasit barely misses you.
You closely miss the kobold demonologist.
The kobold demonologist is moderately wounded.
* * * LOW HITPOINT WARNING * * *
You feel very sick.
The ufetubus misses you. x2; The crimson imp barely misses you.
The kobold demonologist gestures wildly while chanting.
The quasit bites you but does no damage.
The quasit claws you but does no damage.
The quasit closely misses you.
You hit the kobold demonologist.
The kobold demonologist is heavily wounded.
* * * LOW HITPOINT WARNING * * *
You feel sick. The orange demon stings you from afar!
You die...

#####################
.'..#..'..#__#.5@K5.#
.#.)').#..'..'.5#5K4#
###'#####'#__####54.+
##..#...#[#### ####
_####..##.#
____##'#_.+
.∩..†'..._#
..__##_.#'#
____###+#:#


You could see an orange demon (summoned), 2 kobold demonologists, a red devil
(summoned), 2 iron imps, a quasit (summoned), a crimson imp (summoned) and an
ufetubus (summoned).

Vanquished Creatures
  A slime creature (D)
  Sigmund (D)
  A yak (D)
  A floating eye (D)
  An ogre (D)
  A jelly (D)
  Ijyb (D)
7 creatures vanquished.

Notes
Turn   | Place    | Note
-------+----------+-------------------------------------------
     0 | D        | Hipnos the Spriggan Berserker began the quest for the Orb.
     0 | D        | Reached XP level 1. HP: 11/11 MP: 2/2
     1 | D        | Noticed Ijyb
     9 | D        | Killed Ijyb
    10 | D        | Reached skill level 7 in Stealth
    10 | D        | Reached XP level 2. HP: 16/16 MP: 3/3
    93 | D        | Noticed an ogre
    98 | D        | Killed an ogre
    99 | D        | Reached skill level 12 in Stealth
    99 | D        | Reached XP level 3. HP: 19/19 MP: 4/4
    99 | D        | Reached XP level 4. HP: 23/23 MP: 5/5
   142 | D        | Noticed Sigmund
   151 | D        | Killed Sigmund
   151 | D        | Reached ** piety under Trog
   152 | D        | Reached skill level 17 in Stealth
   152 | D        | Reached XP level 5. HP: 27/27 MP: 6/6
   152 | D        | Reached XP level 6. HP: 32/32 MP: 7/7
   188 | D        | Found an ornate altar of the Wu Jian Council.
   188 | D        | Found a shimmering blue altar of Sif Muna.
   190 | D        | Found a radiant altar of Vehumet.
   197 | D        | Found Lewket's Weapon Emporium.
   197 | D        | Found an ancient bone altar of Kikubaaqudgha.
   197 | D        | Found a hazy altar of Hepliaklqana.
   197 | D        | Found a stormy altar of Qazlal.
   197 | D        | Found a hide-covered altar of Uskayaw.
   197 | D        | Found a blossoming altar of Fedhas.
   197 | D        | Found a bloodstained altar of Trog.
   197 | D        | Found an iron altar of Okawaru.
   197 | D        | Found a basalt altar of Yredelemnul.
   197 | D        | Found a glowing golden altar of the Shining One.
   197 | D        | Found a snail-covered altar of Cheibriados.
   197 | D        | Found a sacrificial altar of Ru.
   197 | D        | Found a glowing silver altar of Zin.
   197 | D        | Found a shadowy altar of Dithmenos.
   197 | D        | Found a white marble altar of Elyvilon.
   197 | D        | Noticed a yak
   198 | D        | Found an opulent altar of Gozag.
   199 | D        | Killed a yak
   200 | D        | Reached skill level 5 in Throwing
   200 | D        | Reached skill level 18 in Stealth
   226 | D        | Found a sparkling altar of Nemelex Xobeh.
   248 | D        | Found a burning altar of Makhleb.
   248 | D        | Found a viscous altar of Jiyva.
   248 | D        | Found a shimmering altar of Xom.
   248 | D        | Found a corrupted altar of Lugonu.
   248 | D        | Noticed a slime creature
   259 | D        | Killed a slime creature
   259 | D        | Reached *** piety under Trog
   260 | D        | Reached skill level 19 in Stealth
   260 | D        | Reached XP level 7. HP: 6/35 MP: 8/8
   540 | D        | Noticed a kobold demonologist
   541 | D        | Noticed a kobold demonologist
   543 | D        | Paralysed by a floating eye for 2 turns
   546 | D        | Noticed an orange demon
   554 | D        | Noticed a red devil
   554 | D        | Slain by an orange demon

Illustrated notes

Levels and vault maps discovered:
D:        dungeon_sprint_1 [red_sonja_temple_1, red_sonja_temple_small_1]

Skill      XL: |  1  2  3  4  5  6  7 |
---------------+----------------------+-----
Stealth        | 7 12 17 19 | 19.4
Throwing       | 6 7 |  7.7
Fighting       | |  2.4
Short Blades   | |  3.2
Long Blades    | |  0.4
Axes           | |  0.3
Maces & Flails | |  0.2
Polearms       | |  0.4
Staves         | |  0.2
Slings         | |  0.7
Bows           | |  0.4
Crossbows      | |  0.4
Dodging        | |  4.0
Shields        | |  0.2
Invocations    | |  0.4
Evocations     | |  0.5

Action                   |  1- 3 |  4- 6 |  7- 9 || total
-------------------------+-------+-------+-------++-------
Melee: Short sword       |     9 |    17 |    11 ||    37
Invok: Berserk           |     2 |     2 |     1 ||     5
 Stab: Sleeping          |     1 |     2 |       ||     3
Armor: Robe              |       |       |     6 ||     6
Dodge: Dodged            |     3 |     5 |    17 ||    25
